NCAA
ALABAMA CRIMSON TIDE @ CINCINNATI BEARCATS
05/18/2026
 
TOP OF THE 1ST
Alabama Crimson Tide batting - Pitching for Cincinnati Bearcats : RHP Ángel Torres
Pitching: RHP Ángel Torres
Batting: RHB Greg Grant 0-0: Fly out, F9 (Flyball, 89S)
Batting: RHB William Robinson 0-0: Ground out 5-3 (Groundball, 5S)
Batting: SHB Jorge Dávila 0-0: Called Strike
0-1: Foul Ball, location: 2F
0-2: Hit by Pitch
Batting: RHB Stephen Nava 0-0: Ball
Jorge Dávila steals 2nd base
1-0: Called Strike
1-1: Foul Ball, location: 2F
1-2: Strikes out swinging
Top of the 1st over - 0 run(s), 0 hit(s), 0 error(s), 1 left on base; Alabama 0 - Cincinnati 0
BOTTOM OF THE 1ST
Cincinnati Bearcats batting - Pitching for Alabama Crimson Tide : RHP Manuel González
Pitching: RHP Manuel González
Batting: RHB Phil Poole 0-0: Called Strike
0-1: Swinging Strike
0-2: Foul Ball, location: 2F
0-2: Ball
1-2: Foul Ball, location: 2F
1-2: Foul Ball, location: 2F
1-2: Strikes out looking
Batting: RHB Cipriano Baca 0-0: Ball
1-0: Ball
2-0: Ball
3-0: Base on Balls
Batting: RHB Dave Jackson 0-0: Foul Ball, location: 2F
0-1: Fielders Choice at 2nd, 6-4 (Groundball, 6M)
Batting: RHB Dave Richards 0-0: Foul Ball, location: 2F
0-1: Swinging Strike
0-2: Ground out 1-3 (Groundball, 15)
Bottom of the 1st over - 0 run(s), 0 hit(s), 0 error(s), 1 left on base; Alabama 0 - Cincinnati 0
TOP OF THE 2ND
Alabama Crimson Tide batting - Pitching for Cincinnati Bearcats : RHP Ángel Torres
Batting: LHB Clayton Bailey 0-0: Ball
1-0: Ball
2-0: Ball
3-0: Base on Balls
Batting: RHB Nick Vogel 0-0: Foul Ball, location: 2F
0-1: Swinging Strike
0-2: Ball
1-2: Foul Ball, location: 2F
1-2: Strikes out looking
Batting: RHB Scott Graves 0-0: Ball
1-0: Foul Ball, location: 2F
1-1: Called Strike
1-2: Ball
2-2: SINGLE (Line Drive, 78S)
Clayton Bailey to second
Batting: RHB Walt McDonald 0-0: Called Strike
0-1: Ball
Wild Pitch!
Clayton Bailey to third
Scott Graves to second
1-1: Ball
2-1: Foul Ball, location: 2F
2-2: Fly out, F6 (Popup, 6M)
Batting: LHB Chris White 0-0: Ball
1-0: Fly out, F9 (Line Drive, 9LM)
Top of the 2nd over - 0 run(s), 1 hit(s), 0 error(s), 2 left on base; Alabama 0 - Cincinnati 0
BOTTOM OF THE 2ND
Cincinnati Bearcats batting - Pitching for Alabama Crimson Tide : RHP Manuel González
Batting: RHB Roberto Villela 0-0: Called Strike
0-1: Ball
1-1: Ground out 6-3 (Groundball, 6)
Batting: RHB Bradley Burns 0-0: Called Strike
0-1: Fly out, F8 (Line Drive, 8LM)
Batting: SHB Mathew Olson 0-0: Fly out, F9 (Flyball, 9S)
Bottom of the 2nd over - 0 run(s), 0 hit(s), 0 error(s), 0 left on base; Alabama 0 - Cincinnati 0
TOP OF THE 3RD
Alabama Crimson Tide batting - Pitching for Cincinnati Bearcats : RHP Ángel Torres
Batting: RHB Greg Grant 0-0: Called Strike
0-1: Ball
1-1: Fly out, F7 (Flyball, 8LM)
Batting: RHB William Robinson 0-0: Ball
1-0: Ball
2-0: Called Strike
2-1: Foul Ball, location: 2F
2-2: Fly out, F9 (Flyball, 9S)
Batting: SHB Jorge Dávila 0-0: Ball
1-0: Swinging Strike
1-1: Ball
2-1: Ground out 6-3 (Groundball, 6)
Top of the 3rd over - 0 run(s), 0 hit(s), 0 error(s), 0 left on base; Alabama 0 - Cincinnati 0
BOTTOM OF THE 3RD
Cincinnati Bearcats batting - Pitching for Alabama Crimson Tide : RHP Manuel González
Batting: RHB Ed Fuhrman 0-0: Ball
1-0: Foul Ball, location: 2F
1-1: Ball
2-1: Ground out 5-3 (Groundball, 56S)
Batting: RHB Henry Haines 0-0: Called Strike
0-1: Fly out, F2 (Popup, 2RF)
Batting: RHB Phil Poole 0-0: Foul Ball, location: 2F
0-1: SINGLE (Flyball, 8LM)
Batting: RHB Cipriano Baca 0-0: Called Strike
0-1: Ball
1-1: Called Strike
Phil Poole steals 2nd base
1-2: Ball
2-2: Ground out 5-3 (Groundball, 56S)
Bottom of the 3rd over - 0 run(s), 1 hit(s), 0 error(s), 1 left on base; Alabama 0 - Cincinnati 0
TOP OF THE 4TH
Alabama Crimson Tide batting - Pitching for Cincinnati Bearcats : RHP Ángel Torres
Batting: RHB Stephen Nava 0-0: Called Strike
0-1: Ball
1-1: Ball
2-1: Swinging Strike
2-2: DOUBLE (Groundball, 3L)
Batting: LHB Clayton Bailey 0-0: Ground out 4-3 (Groundball, 4)
Stephen Nava to third
Batting: RHB Nick Vogel 0-0: Called Strike
0-1: Ball
1-1: Foul Ball, location: 2F
1-2: Ground out 5-3 (Groundball, 56S)
Stephen Nava scores
Batting: RHB Scott Graves 0-0: Called Strike
0-1: Foul Ball, location: 2F
0-2: Ball
1-2: Foul Ball, location: 2F
1-2: Strikes out swinging
Top of the 4th over - 1 run(s), 1 hit(s), 0 error(s), 0 left on base; Alabama 1 - Cincinnati 0
BOTTOM OF THE 4TH
Cincinnati Bearcats batting - Pitching for Alabama Crimson Tide : RHP Manuel González
Batting: RHB Dave Jackson 0-0: Ball
1-0: Ball
2-0: Called Strike
2-1: SINGLE (Line Drive, 4D)
Batting: RHB Dave Richards 0-0: Foul Ball, location: 2F
0-1: SINGLE (Line Drive, 4MD)
Dave Jackson to second
Batting: RHB Roberto Villela 0-0: Called Strike
0-1: Ball
1-1: Called Strike
1-2: Ball
2-2: Ball
3-2: Foul Ball, location: 2F
3-2: Fly out, F8 (Line Drive, 89M)
Batting: RHB Bradley Burns 0-0: Foul Ball, location: 2F
0-1: Ball
1-1: Fly out, F8 (Flyball, 8LM)
Batting: SHB Mathew Olson 0-0: Ball
1-0: Ball
2-0: Ball
3-0: Called Strike
3-1: Called Strike
3-2: Base on Balls
Dave Jackson to third
Dave Richards to second
Batting: RHB Ed Fuhrman 0-0: Called Strike
0-1: Called Strike
0-2: Foul Ball, location: 2F
0-2: SINGLE (Flyball, 9LS)
Dave Jackson scores
Dave Richards to third
Mathew Olson to second
Runner from 3rd tries for Home, SAFE, no throw or cutoff
Batting: RHB Henry Haines 0-0: Called Strike
0-1: Ball
1-1: Foul Ball, location: 2F
1-2: Ground out 5-3 (Groundball, 5S)
Bottom of the 4th over - 2 run(s), 3 hit(s), 0 error(s), 2 left on base; Alabama 1 - Cincinnati 2
TOP OF THE 5TH
Alabama Crimson Tide batting - Pitching for Cincinnati Bearcats : RHP Ángel Torres
Batting: RHB Walt McDonald 0-0: Ball
1-0: Swinging Strike
1-1: Swinging Strike
1-2: Ball
2-2: Foul Ball, location: 2F
2-2: Ball
3-2: DOUBLE (Groundball, 5L)
Batting: LHB Chris White 0-0: Foul Ball, location: 2F
0-1: Swinging Strike
0-2: Strikes out swinging
Batting: RHB Greg Grant 0-0: Ball
1-0: Ball
2-0: Called Strike
2-1: Ball
3-1: Base on Balls
Batting: RHB William Robinson 0-0: Foul Ball, location: 2F
0-1: Foul Ball, location: 2F
0-2: Strikes out swinging
Batting: SHB Jorge Dávila 0-0: Ball
1-0: Ball
2-0: Foul Ball, location: 2F
2-1: Fly out, F8 (Flyball, 8LS)
Top of the 5th over - 0 run(s), 1 hit(s), 0 error(s), 2 left on base; Alabama 1 - Cincinnati 2
BOTTOM OF THE 5TH
Cincinnati Bearcats batting - Pitching for Alabama Crimson Tide : RHP Manuel González
Batting: RHB Phil Poole 0-0: Ball
1-0: SINGLE (Line Drive, 4M)
Batting: RHB Cipriano Baca 0-0: Ball
1-0: 2-RUN HOME RUN (Flyball, 7D), Distance : 342 ft
Batting: RHB Dave Jackson 0-0: Ground out 4-3 (Groundball, 4M)
Batting: RHB Dave Richards 0-0: Foul Ball, location: 2F
0-1: SINGLE (Flyball, 9S)
Batting: RHB Roberto Villela 0-0: Foul Ball, location: 2F
0-1: Ball
1-1: Ball
2-1: Foul Ball, location: 2F
2-2: Ball
3-2: Strikes out swinging
Dave Richards is caught stealing 2nd base
Batter strikes out.
Bottom of the 5th over - 2 run(s), 3 hit(s), 0 error(s), 0 left on base; Alabama 1 - Cincinnati 4
TOP OF THE 6TH
Alabama Crimson Tide batting - Pitching for Cincinnati Bearcats : RHP Ángel Torres
Batting: RHB Stephen Nava 0-0: Ball
1-0: Foul Ball, location: 2F
1-1: Ball
2-1: Ball
3-1: Called Strike
3-2: Strikes out swinging
Pitching: RHP Wayne Foster
Batting: LHB Clayton Bailey 0-0: Called Strike
0-1: Ball
1-1: Foul Ball, location: 2F
1-2: DOUBLE (Line Drive, 7LM)
Batting: RHB Nick Vogel 0-0: Foul Ball, location: 2F
0-1: Ball
1-1: Called Strike
1-2: Strikes out swinging
Batting: RHB Scott Graves 0-0: Called Strike
0-1: Foul Ball, location: 2F
0-2: Ball
1-2: Ball
2-2: Foul Ball, location: 2F
2-2: Strikes out swinging
Top of the 6th over - 0 run(s), 1 hit(s), 0 error(s), 1 left on base; Alabama 1 - Cincinnati 4
BOTTOM OF THE 6TH
Cincinnati Bearcats batting - Pitching for Alabama Crimson Tide : RHP Manuel González
Batting: RHB Bradley Burns 0-0: Called Strike
0-1: Ball
1-1: Fly out, F8 (Flyball, 8LM)
Pitching: LHP Dave Hughes
Batting: SHB Mathew Olson 0-0: Ball
Single, Error in OF, E7, batter to second base
Batting: RHB Ed Fuhrman 0-0: Foul Ball, location: 2F
0-1: Swinging Strike
0-2: Strikes out swinging
Batting: RHB Henry Haines 0-0: Ball
1-0: Ball
2-0: Foul Ball, location: 2F
2-1: Called Strike
2-2: Ball
3-2: Base on Balls
Batting: RHB Phil Poole 0-0: Called Strike
0-1: Fielders Choice at 2nd, U4 (Groundball, 4M)
Bottom of the 6th over - 0 run(s), 1 hit(s), 1 error(s), 2 left on base; Alabama 1 - Cincinnati 4
TOP OF THE 7TH
Alabama Crimson Tide batting - Pitching for Cincinnati Bearcats : RHP Wayne Foster
Batting: RHB Walt McDonald 0-0: Swinging Strike
0-1: Ball
1-1: Called Strike
1-2: Foul Ball, location: 2F
1-2: Ball
2-2: Strikes out swinging
Batting: LHB Chris White 0-0: Called Strike
0-1: SINGLE (Groundball, 34D) (infield hit)
Batting: RHB Greg Grant 0-0: Ball
1-0: Fly out, F7 (Line Drive, 78D)
Batting: RHB William Robinson 0-0: Called Strike
0-1: Called Strike
0-2: Ball
1-2: SINGLE (Groundball, 34)
Chris White to second
Runner from 2nd tries for 3rd, OUT!
Top of the 7th over - 0 run(s), 2 hit(s), 0 error(s), 1 left on base; Alabama 1 - Cincinnati 4
BOTTOM OF THE 7TH
Cincinnati Bearcats batting - Pitching for Alabama Crimson Tide : LHP Dave Hughes
Batting: RHB Cipriano Baca 0-0: Called Strike
0-1: Ball
1-1: Ball
2-1: SINGLE (Line Drive, 8RS)
Batting: RHB Dave Jackson 0-0: Ball
1-0: SINGLE (Line Drive, 78S)
Cipriano Baca to second
Batting: RHB Dave Richards 0-0: Ball
1-0: Ball
2-0: Called Strike
2-1: Called Strike
2-2: Ball
3-2: Foul Ball, location: 2F
3-2: Ground out 5-3 (Groundball, 5S)
Cipriano Baca to third
Dave Jackson to second
Batting: RHB Roberto Villela 0-0: Intentional Walk
Batting: RHB Bradley Burns 0-0: Ball
1-0: SINGLE (Groundball, 56)
Cipriano Baca scores
Dave Jackson to third
Roberto Villela to second
Runner from 3rd tries for Home, SAFE, no throw or cutoff
Batting: SHB Mathew Olson 0-0: Ball
1-0: Ball
2-0: Called Strike
2-1: SINGLE (Flyball, 78M)
Roberto Villela to third
Bradley Burns to second
Runner from 3rd tries for Home, SAFE, throw made home
Batting: RHB Ed Fuhrman 0-0: Ball
1-0: Foul Ball, location: 2F
1-1: Called Strike
1-2: Foul Ball, location: 2F
1-2: Ball
2-2: Ball
3-2: Strikes out swinging
Batting: RHB Henry Haines 0-0: Called Strike
0-1: Swinging Strike
0-2: Strikes out swinging
Bottom of the 7th over - 3 run(s), 4 hit(s), 0 error(s), 2 left on base; Alabama 1 - Cincinnati 7
TOP OF THE 8TH
Alabama Crimson Tide batting - Pitching for Cincinnati Bearcats : RHP Wayne Foster
Batting: SHB Jorge Dávila 0-0: Ball
1-0: Called Strike
1-1: Foul Ball, location: 2F
1-2: Ball
2-2: Strikes out swinging
Pitching: RHP César Gonzáles
Batting: RHB Stephen Nava 0-0: Ball
1-0: Foul Ball, location: 2F
1-1: SINGLE (Line Drive, 8LS)
Batting: LHB Clayton Bailey 0-0: Ball
1-0: Ball
2-0: Ball
3-0: Called Strike
3-1: Base on Balls
Stephen Nava to second
Batting: RHB Nick Vogel 0-0: Ball
1-0: Foul Ball, location: 2F
1-1: Swinging Strike
1-2: Ball
2-2: Ball
3-2: Foul Ball, location: 2F
3-2: SINGLE (Line Drive, 56D)
Stephen Nava to third
Clayton Bailey to second
Batting: RHB Scott Graves 0-0: Ball
1-0: Called Strike
1-1: Ball
2-1: Foul Ball, location: 2F
2-2: Strikes out swinging
Batting: RHB Walt McDonald 0-0: Ball
1-0: Called Strike
1-1: SINGLE (Line Drive, 78M)
Stephen Nava scores
Clayton Bailey to third
Nick Vogel to second
Pitching: RHP Rudy England
Batting: LHB Chris White 0-0: Called Strike
0-1: Ball
1-1: Called Strike
1-2: Strikes out looking
Top of the 8th over - 1 run(s), 3 hit(s), 0 error(s), 3 left on base; Alabama 2 - Cincinnati 7
BOTTOM OF THE 8TH
Cincinnati Bearcats batting - Pitching for Alabama Crimson Tide : LHP Dave Hughes
Pitching: RHP José Padilla
Batting: RHB Phil Poole 0-0: Ball
1-0: Called Strike
1-1: Swinging Strike
1-2: Strikes out looking
Batting: RHB Cipriano Baca 0-0: Swinging Strike
0-1: Ball
1-1: Called Strike
1-2: Ball
2-2: Foul Ball, location: 2F
2-2: Foul Ball, location: 2F
2-2: Foul Ball, location: 2F
2-2: Ball
3-2: Base on Balls
Batting: RHB Dave Jackson 0-0: Ball
1-0: Called Strike
Cipriano Baca steals 2nd base
1-1: Ball
2-1: Swinging Strike
2-2: Foul Ball, location: 2F
2-2: Ball
3-2: SINGLE (Groundball, 34D)
Cipriano Baca to third
Runner from 3rd tries for Home, SAFE, no throw or cutoff
Batting: RHB Dave Richards 0-0: Ball
1-0: Called Strike
1-1: Foul Ball, location: 2F
1-2: Strikes out swinging
Batting: RHB Roberto Villela 0-0: Ground out 5-3 (Groundball, 56)
Bottom of the 8th over - 1 run(s), 1 hit(s), 0 error(s), 1 left on base; Alabama 2 - Cincinnati 8
TOP OF THE 9TH
Alabama Crimson Tide batting - Pitching for Cincinnati Bearcats : RHP Rudy England
Now at SS: John Matthews
Batting: RHB Greg Grant 0-0: Foul Ball, location: 2F
0-1: Fly out, F9 (Flyball, 9M)
Batting: RHB William Robinson 0-0: SINGLE (Groundball, 5D)
Batting: SHB Jorge Dávila 0-0: Ball
1-0: Ball
Wild Pitch!
William Robinson to second
2-0: Ball
3-0: Base on Balls
Batting: RHB Stephen Nava 0-0: Foul Ball, location: 2F
0-1: Ball
1-1: Fielders Choice at 3rd, U5 (Groundball, 5L)
Jorge Dávila to second
Batting: LHB Clayton Bailey 0-0: Called Strike
0-1: SINGLE (Groundball, 4MD)
Jorge Dávila to third
Stephen Nava to second
Runner from 3rd tries for Home, SAFE, no throw or cutoff
Batting: RHB Nick Vogel 0-0: Swinging Strike
0-1: Foul Ball, location: 2F
0-2: Strikes out looking
Top of the 9th over - 1 run(s), 2 hit(s), 0 error(s), 2 left on base; Alabama 3 - Cincinnati 8
Monday, December 5th, 2016 - OOTP Baseball 17.12 Build 75